Map: [ESL] Dragon Scales

Players

Lambo

  • Race: Zerg Zerg
  • Spawn Location: 11:00

Reynor - Winner!

  • Race: Zerg Zerg
  • Spawn Location: 5:00

Event: ESL SC2 Masters 2023 Summer (Regionals)

VOD

Have the link to the VOD?

Description

Time

  • Played on: May 28, 2023, 7:18 a.m.
  • Length: 11:09

All games in this series

Show
View Real Time Build Order
Export as new Build Order

Lambo Zerg 

Build Orders: Hatch First, Roach Hydra 

Get SALT Encoding   

  12  0:00  Drone  
  13  0:13  Overlord  
  13  0:17  Drone  
  14  0:32  Drone x2  
  16  0:48  Hatchery  
  15  0:51  Drone  
  15  0:54  Drone  
  17  0:57  Drone  
  18  1:08  Extractor  
  17  1:13  Spawning Pool  
  17  1:16  Drone  
  17  1:19  Drone  
  18  1:29  Drone  
  19  1:39  Drone  
  20  1:51  Drone  
  21  1:59  Queen  
  21  2:00  Queen, Zergling x2  
  21  2:01  Overlord  
  26  2:10  Drone  
  26  2:12  Drone  
  28  2:22  Drone x2  
  30  2:23  Metabolic Boost  
  30  2:32  Drone  
  31  2:42  Drone  
  31  2:43  Hatchery  
  31  2:44  Drone  
  31  2:47  Baneling Nest  
  31  2:49  Overlord  
  31  2:55  Zergling x2  
  32  3:00  Queen  
  32  3:01  Drone  
  32  3:04  Zergling x2  
  36  3:09  Drone  
  37  3:15  Drone x4  
  37  3:19  Overlord  
  41  3:21  Zergling x2  
  41  3:26  Zergling x4  
  44  3:30  Baneling x3  
  44  3:32  Baneling  
  43  3:48  Drone x4  
  45  3:49  Drone  
  45  3:50  Drone x4  
  50  4:02  Zergling x6  
  51  4:08  Roach Warren  
  51  4:09  Extractor  
  49  4:13  Zergling x6  
  52  4:20  Overlord  
  52  4:23  Overlord  
  52  4:24  Zergling x10  
  52  4:27  Overlord  
  52  4:30  Overlord  
  56  4:36  Baneling x2  
  56  4:37  Overlord  
  55  5:06  Roach x11  
  75  5:12  Drone x2  
  76  5:16  Evolution Chamber  
  76  5:20  Roach x3  
  81  5:22  Drone x2  
  81  5:24  Queen  
  85  5:30  Roach x2  
  85  5:34  Drone x3  
  91  5:36  Overlord  
  91  5:41  Overlord  
  89  5:43  Drone  
  89  5:47  Drone x4  
  89  5:49  Drone  
  94  5:52  Extractor  
  94  5:55  Lair  
  93  5:57  Drone x3  
  93  6:01  Drone x2  
  98  6:06  Drone x2  
  100  6:11  Zerg Missile Weapons Level 1  
  100  6:13  Drone x2  
  100  6:17  Extractor  
  101  6:20  Pneumatized Carapace  
  101  6:21  Drone  
  101  6:22  Extractor  
  101  6:24  Extractor  
  101  6:25  Drone x4  
  104  6:28  Drone  
  105  6:35  Drone  
  105  6:36  Drone  
  105  6:37  Drone  
  108  6:41  Drone  
  108  6:42  Evolution Chamber  
  108  6:45  Drone x2  
  108  6:46  Overlord, Hatchery  
  109  6:48  Roach x2  
  109  6:53  Drone  
  114  6:58  Overlord  
  114  7:00  Overlord  
  114  7:04  Overseer  
  114  7:05  Glial Reconstitution  
  114  7:08  Zerg Ground Armor Level 1  
  114  7:09  Drone  
  114  7:10  Drone  
  114  7:11  Drone, Overlord  
  114  7:12  Roach x2  
  120  7:16  Roach  
  120  7:19  Roach x6  
  132  7:27  Roach x3  
  138  7:30  Overlord  
  138  7:33  Roach x4  
  146  7:41  Overlord  
  146  7:44  Overlord  
  146  7:49  Overlord  
  146  7:56  Drone x2  
  146  7:57  Roach  
  146  7:58  Roach x6  
  159  7:59  Hydralisk Den  
  159  8:04  Drone  
  159  8:06  Drone  
  159  8:07  Drone, Zerg Missile Weapons Level 2  
  159  8:12  Spore Crawler x2  
  159  8:13  Spore Crawler  
  159  8:14  Drone  
  159  8:16  Overlord  
  159  8:17  Roach x3  
  165  8:24  Spore Crawler  
  164  8:34  Hydralisk x7  
  164  8:35  Hydralisk, Muscular Augments  
  164  8:40  Spine Crawler  
  164  8:41  Hydralisk  
  179  8:42  Ravager x2  
  179  8:44  Overlord  
  183  8:52  Overlord  
  183  8:53  Overlord  
  183  8:59  Overlord  
  183  9:06  Overlord  
  180  9:13  Extractor x2  
  180  9:15  Hydralisk x3  
  190  9:24  Roach x7  
  191  9:40  Roach x4  
  191  9:45  Roach x2  
  196  9:46  Grooved Spines  
  196  9:48  Roach x2  
  183  9:53  Roach  
  173  10:02  Roach x2  
  167  10:07  Hatchery, Ravager x2  
  167  10:09  Hydralisk  
  167  10:13  Hydralisk, Ravager x2  
  172  10:15  Ravager  
  175  10:22  Hydralisk x2  
  179  10:31  Hydralisk  
  181  10:38  Hydralisk  
  181  10:39  Ravager  
  184  10:43  Hydralisk  
  184  10:46  Hatchery  
Show
View Real Time Build Order
Export as new Build Order

Reynor Zerg - Winner!

Build Orders: Hatch First 

Get SALT Encoding   

  12  0:00  Drone  
  13  0:12  Overlord  
  13  0:16  Drone  
  14  0:30  Drone x2  
  16  0:47  Hatchery  
  15  0:50  Drone  
  15  0:53  Drone  
  15  0:56  Drone  
  18  1:03  Extractor  
  17  1:11  Spawning Pool  
  17  1:15  Drone  
  18  1:18  Drone  
  18  1:28  Drone  
  19  1:39  Drone  
  20  1:49  Drone  
  21  1:59  Queen x2  
  21  2:00  Zergling x2  
  26  2:02  Drone  
  26  2:05  Metabolic Boost  
  27  2:10  Overlord  
  27  2:11  Drone  
  28  2:29  Drone, Zergling x2  
  30  2:40  Hatchery  
  30  2:43  Zergling x8  
  32  2:53  Overlord, Drone  
  33  3:02  Baneling Nest  
  33  3:04  Zergling x4  
  34  3:06  Drone  
  34  3:11  Drone  
  34  3:12  Drone x3  
  39  3:17  Overlord  
  40  3:20  Drone  
  40  3:22  Drone  
  41  3:27  Drone  
  41  3:28  Drone  
  43  3:35  Queen  
  43  3:40  Overlord  
  45  3:42  Drone  
  45  3:45  Drone x2  
  46  3:50  Drone x2  
  46  3:54  Drone x2  
  50  3:59  Overlord  
  48  4:03  Drone x2  
  48  4:06  Roach Warren  
  48  4:07  Baneling x2  
  48  4:10  Drone  
  48  4:13  Drone, Evolution Chamber  
  48  4:14  Drone  
  50  4:17  Extractor  
  50  4:22  Drone  
  49  4:26  Zergling x4  
  49  4:29  Queen  
  49  4:31  Overlord  
  53  4:34  Zergling x4  
  53  4:37  Evolution Chamber  
  54  4:39  Overlord  
  54  4:45  Baneling x2  
  54  4:47  Roach x4  
  54  4:48  Roach  
  54  4:50  Roach  
  66  4:53  Baneling x2  
  66  5:06  Roach x3  
  70  5:08  Zergling x12  
  70  5:11  Overlord  
  76  5:16  Drone x3  
  76  5:17  Drone  
  76  5:18  Baneling x2  
  76  5:20  Drone x2  
  82  5:25  Drone  
  82  5:26  Drone  
  84  5:30  Drone x2  
  84  5:36  Lair  
  84  5:37  Drone  
  84  5:41  Drone x2  
  85  5:44  Drone  
  86  5:50  Extractor  
  86  5:51  Roach x2  
  86  5:52  Roach x2  
  86  5:53  Overlord  
  95  5:57  Roach  
  95  5:59  Drone  
  95  6:01  Extractor  
  95  6:03  Overlord  
  95  6:04  Roach  
  97  6:08  Overlord  
  97  6:16  Drone x5  
  97  6:17  Drone x3  
  105  6:18  Drone  
  105  6:19  Extractor, Overlord  
  105  6:20  Drone  
  105  6:24  Drone  
  107  6:25  Drone  
  107  6:29  Extractor, Drone x2  
  107  6:31  Drone x3  
  112  6:36  Spire  
  112  6:39  Drone  
  112  6:40  Glial Reconstitution  
  112  6:41  Overlord  
  112  6:44  Drone x2  
  113  6:52  Roach x2  
  113  6:53  Roach x3  
  122  7:01  Hatchery  
  122  7:04  Zerg Missile Weapons Level 1  
  121  7:09  Overlord  
  121  7:13  Roach x3  
  121  7:14  Roach x3  
  132  7:23  Overlord  
  132  7:32  Overlord  
  132  7:34  Roach x2  
  132  7:35  Roach x3  
  142  7:48  Mutalisk x4  
  142  7:49  Mutalisk  
  152  7:51  Drone x4  
  152  7:52  Drone  
  152  7:54  Drone, Overlord  
  152  7:55  Drone  
  152  7:56  Drone  
  160  7:59  Overlord  
  160  8:02  Drone  
  160  8:04  Zerg Ground Armor Level 1  
  160  8:06  Overlord, Spine Crawler  
  160  8:09  Roach  
  161  8:13  Roach  
  161  8:14  Roach x6  
  161  8:16  Overlord  
  175  8:21  Roach  
  177  8:29  Ravager x4  
  177  8:31  Extractor  
  177  8:33  Overlord, Spine Crawler  
  179  8:39  Roach x4  
  179  8:40  Roach x4  
  179  8:41  Overlord  
  195  8:49  Roach x2  
  199  9:21  Roach x3  
  187  9:25  Roach x9  
  187  9:30  Spine Crawler x2  
  195  9:32  Roach x2  
  195  9:34  Overlord  
  195  9:35  Roach  
  195  9:45  Roach x3  
  195  9:46  Roach x2  
  189  9:55  Mutalisk x7  
  189  9:59  Roach x2  
  181  10:05  Roach x5  
  187  10:10  Roach x4  
  195  10:14  Extractor  
  195  10:16  Roach x3  
Tags
 
Add a new tag
Caveats
  • Supply blocks, unpowered buildings, or Contaminate may cause inaccurate times.
  • Supply counts are checked every 10 seconds.